 Dungeon Crawl Stone Soup version 0.32-a0-768-g0f6f1dd4b9 (webtiles) character file.

Game seed: 14406181450092012815

64080 javelincjr the Fighter (level 14, 0/126 HPs)
             Began as a Demonspawn Warper on Mar 18, 2024.
             Was a High Priest of Makhleb.
             Slain by a naga warrior
             ... wielding a +0 trident
              (25 damage)
             ... on level 1 of the Snake Pit.
             The game lasted 01:05:46 (16158 turns).

javelincjr the Fighter (Demonspawn Warper)         Turns: 16158, Time: 01:05:46

Health: 0/126      AC: 27    Str: 16    XL:     14   Next: 70%
Magic:  0/26       EV:  7    Int: 17    God:    Makhleb [*****.]
Gold:   1414       SH:  9    Dex: 20    Spells: 15/30 levels left

rFire   + . .        G - +9 lance "Wyrmbane" {slay drac, rPois rF+ rC+ AC+3}
rCold   + + +        (no shield)
rNeg    . . .        Q - +4 skin of Zhor {*Englaciate rC+++ SInv}
rPois   +            I - +1 helmet
rElec   .            n - +2 cloak
rCorr   .            (gloves unavailable)
SInv    +            g - +3 pair of boots of Henotheism {Int+4 SInv}
Will    +....        J - amulet of reflection
Stlth   ++           B - ring of flight
HPRegen 0.41/turn    P - +6 ring of dexterity
MPRegen 0.40/turn

%: reflection, guardian spirit
@: lethally poisoned (0 -> -2), flying, very slightly contaminated, slowed,
constricted, very slow
A: rugged brown scales 3, icemail 1, magic shield, magic regeneration,
condensation shield, demonic touch 3
a: Renounce Religion, Minor Destruction, Lesser Servant of Makhleb, Major
Destruction, Greater Servant of Makhleb


You were on level 1 of the Snake Pit.
You worshipped Makhleb.
Makhleb was extremely pleased with you.
You visited 5 branches of the dungeon, and saw 17 of its levels.
You also visited: Bailey.

You collected 1561 gold pieces.
You spent 147 gold pieces at shops.

Inventory:

Hand Weapons
 j - a +4 quarterstaff of chaos
 o - the +3 hammer of Hiasudgh {protect, rC+ Int+4}
   (You found it on level 2 of the Dungeon)

   Int+4:     It affects your intelligence (+4).
   rC+:       It protects you from cold.
 C - a +4 spear of freezing
 G - the +9 lance "Wyrmbane" (weapon) {slay drac, rPois rF+ rC+ AC+3}
   (You took it off Maggie on level 7 of the Dungeon)

   AC+3:      It affects your AC (+3).
   rF+:       It protects you from fire.
   rC+:       It protects you from cold.
   rPois:     It protects you from poison.
Missiles
 d - 7 darts of dispersal
 p - 20 poisoned darts
 K - 6 boomerangs
Armour
 g - the +3 pair of boots of Henotheism (worn) {Int+4 SInv}
   (You acquired it on level 8 of the Dungeon)

   Int+4:     It affects your intelligence (+4).
   SInv:      It lets you see invisible.
 n - a +2 cloak (worn)
 q - the +3 leather armour "Goillav" {rC+++ rN+}
   (You bought it in a shop on level 2 of the Dungeon)

   rC+++:     It renders you almost immune to cold.
   rN+:       It protects you from negative energy.
 r - +0 acid dragon scales
 D - a +0 kite shield
 H - +0 swamp dragon scales
 I - a +1 helmet (worn)
 Q - the +4 skin of Zhor (worn) {*Englaciate rC+++ SInv}
   (You found it on level 2 of the Lair of Beasts)

   *Englaciate: It radiates cold, occasionally slowing all nearby creatures who
   are not resistant to cold.
   rC+++:     It renders you almost immune to cold.
   SInv:      It lets you see invisible.
Jewellery
 e - a ring of protection from cold
 i - a ring of positive energy
 B - a ring of flight (left hand)
 J - an amulet of reflection (around neck)
 P - a +6 ring of dexterity (right hand)
 R - a ring of resist corrosion
 Z - a ring of poison resistance
Wands
 a - a wand of paralysis (14)
 b - a wand of digging (13)
 y - a wand of light (14)
 A - a wand of mindburst (6)
 L - a wand of flame (7)
 N - a wand of polymorph (10)
 X - a wand of warping (5)
Scrolls
 v - 2 scrolls of poison
 w - 5 scrolls of teleportation
 x - 3 scrolls of fog
 M - 2 scrolls of identify
 O - 2 scrolls of silence
 S - a scroll of revelation
 T - a scroll of immolation
 U - 2 scrolls of torment
 V - a scroll of enchant weapon
Potions
 f - 2 potions of haste
 k - 9 potions of curing
 l - a potion of lignification
 m - 3 potions of brilliance
 s - 4 potions of resistance
 t - 3 potions of cancellation
 u - 2 potions of invisibility
 z - a potion of might
 E - a potion of enlightenment
 F - 2 potions of attraction


   Skills:
 * Level 13.1 Fighting
 - Level 4.0 Maces & Flails
 * Level 10.5 Polearms
 - Level 1.0 Throwing
 + Level 8.8 Armour
 + Level 8.6 Dodging
 + Level 8.7 Spellcasting
 + Level 8.9 Translocations
 + Level 10.1 Invocations


You had 15 spell levels left.
You knew the following spells:

 Your Spells              Type           Power      Damage    Failure   Level
a - Blink                 Tloc           74%        N/A       1%          2
b - Lesser Beckoning      Tloc           74%        N/A       1%          2
c - Teleport Other        Tloc           37%        N/A       1%          3
d - Manifold Assault      Tloc           37%        N/A       2%          4
e - Vhi's Electric Charg  Tloc/Air       44%        N/A       16%         4

Your spell library contained the following spells:

 Spells                   Type           Power      Damage    Failure   Level
 Gell's Gravitas          Tloc           37%        N/A       1%          3
 Momentum Strike          Conj/Tloc      44%        3d9       2%          2
 Sting                    Conj/Alch      28%        1d4       10%         1
 Summon Small Mammal      Summ           28%        N/A       10%         1
 Cigotuvi's Dreadful Rot  Necr/Alch/Air  14%        N/A       14%         2
 Ensorcelled Hibernation  Hex/Ice        14%        N/A       14%         2
 Jinxbite                 Hex            14%        N/A       14%         2
 Mercury Vapours          Alch/Air       14%        N/A       14%         2
 Scorch                   Fire           14%        2d5       14%         2
 Sublimation of Blood     Necr           7%         N/A       14%         2
 Call Canine Familiar     Summ           7%         N/A       28%         3
 Fugue of the Fallen      Necr           7%         N/A       28%         3
 Summon Forest            Summ/Tloc      11%        N/A       38%         5
 Anguish                  Hex/Necr       3%         N/A       67%         4
 Animate Armour           Summ/Erth      14%        N/A       67%         4
 Dispel Undead            Necr           7%         3d8       67%         4
 Flame Wave               Conj/Fire      7%         2d5       67%         4
 Martyr's Knell           Necr/Summ      7%         N/A       67%         4
 Olgreb's Toxic Radiance  Alch           7%         N/A       67%         4
 Petrify                  Alch/Erth      7%         N/A       67%         4
 Summon Blazeheart Golem  Fire/Summ      7%         N/A       67%         4
 Summon Lightning Spire   Summ/Air       7%         N/A       67%         4
 Irradiate                Conj/Alch      3%         3d12      95%         5
 Lee's Rapid Deconstruct  Erth           3%         3d5*      95%         5
 Summon Mana Viper        Hex/Summ       7%         N/A       95%         5
 Yara's Violent Unravell  Hex/Alch       3%         3d4       95%         5
 Summon Cactus Giant      Summ           3%         N/A       100%        6
 Enfeeble                 Hex            3%         N/A       100%        7


Dungeon Overview and Level Annotations

Branches:
Dungeon (9/15)             Temple (1/1) D:5            Lair (5/5) D:9
  Swamp (1/4) Lair:2        Snake (1/4) Lair:2        Slime (0/5) Lair:5
 Bailey (visited)
    Orc: D:9-12

Altars:
Ashenzari
Cheibriados
Fedhas
Gozag
Hepliaklqana
Kikubaaqudgha
Makhleb
Nemelex Xobeh
Okawaru
Qazlal
Ru
Sif Muna
Trog
Uskayaw
Wu Jian
Xom
Yredelemnul
Jiyva

Shops:
D:2 [

Annotations:
Swamp:1 1 runed translucent door


Innate Abilities, Weirdness & Mutations

You are completely covered in rugged brown scales. (AC +3, +7% HP)
A meltable icy envelope protects you from harm. (AC +4)
When hurt, damage is shared between your health and your magic reserves.
You regenerate magic rapidly.
A meltable shield of frost defends you. (SH +4)
Your touch may irresistibly damage your foes and sap their willpower.


Message History

You puncture the anaconda!
The anaconda is almost dead.
You feel sick. You block the anaconda's attack.
The mana viper bites you but does no damage.
The naga warrior roars a battlecry!
The nagas go into a battle-frenzy!
The guardian serpent hits you. The anaconda bites you!
* * * LOW HITPOINT WARNING * * *
The naga warrior roars a battlecry!
The naga goes into a battle-frenzy!
The naga warrior constricts you.
* * * LOW HITPOINT WARNING * * *
You hit the anaconda.
The anaconda is almost dead.
You feel sick. The mana viper bites you.
* * * LOW HITPOINT WARNING * * *
The anaconda bites you but does no damage.
You block the guardian serpent's attack.
The naga warrior spits poison at you. The splash of poison hits you.
You resist.
* * * LOW HITPOINT WARNING * * *
The mana viper barely misses you.
You feel much better.
You radiate an aura of cold.
The anaconda seems to slow down.
The guardian serpent seems to slow down.
The mana viper seems to slow down.
The naga warrior seems to slow down. x2
The naga seems to slow down. x2; You feel sick.
The anaconda bites you but does no damage.
The guardian serpent hits you! You block the naga warrior's attack.
The naga warrior constricts you.
The naga warrior hits you with a +0 trident.
The anaconda bites you but does no damage.
The mana viper bites you but does no damage.
The guardian serpent hits you.
* * * LOW HITPOINT WARNING * * *
A demon appears!
You feel sick. The anaconda closely misses you.
You block the naga warrior's attack. The naga warrior constricts you.
The mana viper completely misses you.
The naga warrior hits you with a +0 trident!!
You die...

#.............
##............
#............
#............
#............
#............
#...2########
#..N.# #S@..#
#NSS.# #....#
#...... #....#
#......
##..N##
#$.....
#...N##
#......
##....##
#......
###....#
#.....
##......##
#....


You could see 2 naga warriors, an anaconda (slow), a mana viper (slow), a
guardian serpent (slow), 2 nagas and a friendly cacodemon (summoned).

Vanquished Creatures
  An eleionoma (Swamp:1)
  2 vault guards (Bailey)
  7 hydras
  2 two-headed ogres
  An alligator (Swamp:1)
  A ghost crab (Swamp:1)
  4 catoblepae (Lair:5)
  2 naga warriors (Snake:1)
  12 death yaks
  4 skysharks
  A goliath frog (Lair:2)
  A naga ritualist (Snake:1)
  2 swamp dragons (Swamp:1)
  2 mana vipers (Snake:1)
  A lindwurm (Lair:2)
  2 manticores (Lair:5)
  A will-o-the-wisp (Lair:2)
  A naga mage (Snake:1)
  8 black mambas
  An elephant (Lair:2)
  A guardian serpent (Snake:1)
  Maggie (D:7)
  17 cane toads
  A torpor snail (Lair:2)
  6 komodo dragons
  8 rime drakes
  A hornet (Lair:2)
  7 dream sheep (Lair:5)
  Prince Ribbit (Bailey)
  22 blink frogs
  6 polar bears
  A spriggan (Swamp:1)
  59 yaks
  2 basilisks (Lair:5)
  5 humans (Bailey)
  2 wyverns
  A steam dragon (D:9)
  Menkaure (D:4)
  2 swamp worms
  2 acid dragons
  A naga (Snake:1)
  20 water moccasins
  2 orc warriors
  6 black bears
  3 sky beasts
  An ice beast (D:6)
  16 wolves
  An ogre (D:5)
  A centaur (D:5)
  23 bullfrogs
  2 gnoll sergeants
  7 scorpions
  7 wights (D:6)
  3 killer bees (D:8)
  3 vampire bats (D:9)
  4 howler monkeys
  An electric eel (Lair:2)
  6 jellies
  2 bombardier beetles
  5 hounds
  Crazy Yiuf (D:2)
  2 orc priests (D:6)
  A sleepcap (D:5)
  Terence (D:3)
  An iguana (D:6)
  6 orc wizards
  A hell rat (Lair:2)
  8 gnolls
  4 adders
  2 white imps
  A dart slug (D:3)
  31 orcs
  5 bats
  2 bat skeletons (D:9)
  4 bat zombies (D:9)
  9 endoplasms
  A giant cockroach (D:1)
  4 goblins
  10 hobgoblins
  12 kobolds
  6 quokkas
  9 ball pythons
  2 frilled lizards
  2 rats (D:1)
441 creatures vanquished.

Vanquished Creatures (collateral kills)
  2 nagas (Snake:1)
2 creatures vanquished.

Vanquished Creatures (others)
  4 foxfires (Lair:2)
4 creatures vanquished.

Grand Total: 447 creatures vanquished

Notes
Turn   | Place    | Note
-------+----------+-------------------------------------------
     0 | D:1      | javelincjr the Demonspawn Warper began the quest for the
                  | Orb.
     0 | D:1      | Reached XP level 1. HP: 16/16 MP: 3/3
   127 | D:1      | Reached skill level 1 in Throwing
   127 | D:1      | Reached skill level 1 in Armour
   186 | D:1      | Gained mutation: Your touch may inflict minor irresistible
                  | damage on your foes. [demonic ancestry]
   186 | D:1      | Reached XP level 2. HP: 19/22 MP: 5/5
   549 | D:1      | Learned a level 2 spell: Blink
   552 | D:1      | Learned a level 2 spell: Lesser Beckoning
   727 | D:1      | Gained mutation: You are partially covered in rugged brown
                  | scales. (AC +1, +3% HP) [demonic ancestry]
   727 | D:1      | Reached XP level 3. HP: 23/28 MP: 6/6
  1246 | D:2      | Found Toph's Antique Armour Shoppe.
  1301 | D:2      | Gained mutation: You regenerate magic rapidly. [demonic
                  | ancestry]
  1301 | D:2      | Reached XP level 4. HP: 17/35 MP: 7/7
  1562 | D:2      | Found a runed translucent door.
  1563 | D:2      | Noticed Crazy Yiuf
  1620 | D:2      | Killed Crazy Yiuf
  1621 | D:2      | Reached skill level 3 in Fighting
  1773 | D:2      | Identified the +3 hammer of Hiasudgh {protect, rC+ Int+4}
  1920 | D:3      | Gained mutation: When hurt, damage is shared between your
                  | health and your magic reserves. [demonic ancestry]
  1920 | D:3      | Reached XP level 5. HP: 23/42 MP: 8/8
  2518 | D:3      | Noticed Terence
  2524 | D:3      | Killed Terence
  2538 | D:2      | Bought an encrusted leather armour for 147 gold pieces
  2538 | D:2      | Identified the +3 leather armour "Goillav" {rC+++ rN+} (You
                  | bought it in a shop on level 2 of the Dungeon)
  2618 | D:4      | Reached skill level 1 in Maces & Flails
  2618 | D:4      | Gained mutation: A meltable shield of frost defends you.
                  | (SH +4) [demonic ancestry]
  2618 | D:4      | Reached XP level 6. HP: 49/49 MP: 10/10
  2623 | D:4      | Noticed Menkaure
  2640 | D:4      | Killed Menkaure
  2641 | D:4      | Reached skill level 4 in Fighting
  2694 | D:4      | Found a broken altar of Ashenzari.
  2840 | D:4      | Gained mutation: You are mostly covered in rugged brown
                  | scales. (AC +2, +5% HP) [demonic ancestry]
  2840 | D:4      | Reached XP level 7. HP: 49/56 MP: 11/11
  2931 | D:4      | You fall into a shaft and drop 1 floor!
  2931 | D:5      | Entered Level 5 of the Dungeon
  3440 | D:5      | Reached skill level 5 in Fighting
  3668 | D:5      | Gained mutation: Your touch may inflict irresistible damage
                  | on your foes. [demonic ancestry]
  3668 | D:5      | Reached XP level 8. HP: 33/65 MP: 7/13
  3974 | D:5      | Found a staircase to the Ecumenical Temple.
  3980 | Temple   | Entered the Ecumenical Temple
  3989 | Temple   | Became a worshipper of Makhleb the Destroyer
  3994 | Temple   | Learned a level 3 spell: Teleport Other
  3999 | Temple   | Learned a level 4 spell: Manifold Assault
  4416 | D:6      | Reached skill level 6 in Fighting
  4912 | D:6      | Reached XP level 9. HP: 67/70 MP: 13/15
  4987 | D:6      | Noticed a cyclops
  5150 | D:6      | Reached * piety under Makhleb
  5427 | D:6      | Found an opulent altar of Gozag.
  5427 | D:6      | Found a sparkling altar of Nemelex Xobeh.
  5692 | D:7      | Found a shimmering blue altar of Sif Muna.
  5784 | D:7      | Noticed Maggie
  5795 | D:7      | Killed Maggie
  5796 | D:7      | Reached skill level 7 in Fighting
  5796 | D:7      | Reached skill level 5 in Translocations
  6276 | D:7      | Found a flagged portal.
  6285 | Bailey   | Entered a bailey
  6302 | Bailey   | Reached skill level 1 in Invocations
  6451 | Bailey   | Reached skill level 5 in Spellcasting
  6457 | Bailey   | Reached skill level 5 in Dodging
  6538 | Bailey   | Gained mutation: A meltable icy envelope protects you from
                  | harm. (AC +4) [demonic ancestry]
  6538 | Bailey   | Reached XP level 10. HP: 81/84 MP: 17/17
  6594 | Bailey   | Noticed a vault guard
  6594 | Bailey   | Noticed Prince Ribbit
  6605 | Bailey   | Killed Prince Ribbit
  6616 | Bailey   | Killed a vault guard
  6617 | Bailey   | Reached skill level 8 in Fighting
  6617 | Bailey   | Reached skill level 5 in Armour
  6719 | Bailey   | Noticed a vault guard
  6744 | Bailey   | Killed a vault guard
  7186 | D:7      | Found a bloodstained altar of Trog.
  7295 | D:8      | Found a stormy altar of Qazlal.
  7358 | D:8      | Reached skill level 5 in Polearms
  7540 | D:8      | Noticed a two-headed ogre
  7548 | D:8      | Killed a two-headed ogre
  7548 | D:8      | Reached ** piety under Makhleb
  7839 | D:8      | Identified a scroll of acquirement
  7839 | D:8      | Acquired the +3 pair of boots of Henotheism {Int+4 SInv}
  8101 | D:9      | Gained mutation: You are completely covered in rugged brown
                  | scales. (AC +3, +7% HP) [demonic ancestry]
  8101 | D:9      | Reached XP level 11. HP: 86/93 MP: 7/19
  8163 | D:9      | Noticed a two-headed ogre
  8175 | D:9      | Killed a two-headed ogre
  8176 | D:9      | Reached skill level 9 in Fighting
  8228 | D:9      | Learned a level 4 spell: Vhi's Electric Charge
  8309 | D:9      | Found a staircase to the Lair.
  8350 | D:9      | Reached skill level 5 in Invocations
  8696 | D:9      | Found an ancient bone altar of Kikubaaqudgha.
  8707 | D:9      | Reached *** piety under Makhleb
  8816 | Lair:1   | Entered Level 1 of the Lair of Beasts
  9502 | Lair:2   | Noticed a five-headed hydra
  9516 | Lair:1   | Reached skill level 10 in Fighting
  9573 | Lair:1   | Killed a five-headed hydra
  9663 | Lair:2   | Reached XP level 12. HP: 103/103 MP: 21/21
  9708 | Lair:2   | Reached **** piety under Makhleb
 10091 | Lair:2   | Found the +4 skin of Zhor {*Englaciate rC+++ SInv}
 10308 | Lair:2   | Found a staircase to the Snake Pit.
 10831 | Lair:2   | Reached skill level 11 in Fighting
 10858 | Lair:2   | Found a staircase to the Swamp.
 10875 | Lair:2   | Paralysed by a hornet for 2 turns
 11559 | Lair:3   | Reached XP level 13. HP: 113/113 MP: 22/24
 11989 | Lair:3   | Reached ***** piety under Makhleb
 13292 | Lair:5   | Entered Level 5 of the Lair of Beasts
 13329 | Lair:5   | Reached skill level 12 in Fighting
 13606 | Lair:5   | Found a viscous altar of Jiyva.
 13671 | Lair:5   | Found a staircase to the Slime Pits.
 13789 | Lair:5   | Gained mutation: Your touch may irresistibly damage your
                  | foes and sap their willpower. [demonic ancestry]
 13789 | Lair:5   | Reached XP level 14. HP: 123/124 MP: 14/26
 14145 | Lair:5   | Reached ****** piety under Makhleb
 14146 | Lair:5   | Reached skill level 10 in Polearms
 14870 | Snake:1  | Entered Level 1 of the Snake Pit
 15365 | Swamp:1  | Entered Level 1 of the Swamp
 15372 | Swamp:1  | Found a runed translucent gate.
 15491 | Swamp:1  | Reached skill level 10 in Invocations
 15494 | Swamp:1  | Reached skill level 13 in Fighting
 15512 | Swamp:1  | Noticed a cacodemon
 16158 | Snake:1  | Slain by a naga warrior

Illustrated notes

Levels and vault maps discovered:
D:1:      evilmike_arrival_crescent, layout_basic
D:2:      layout_basic, serial_shops, shop, minivault_14, wad_orctagon,
          uniq_crazy_yiuf_cottage
D:3:      layout_loops_ring, uniq_terence
D:4:      layout_cave_pools, ashenzari_altar_1, minmay_misc_feat_more_columns,
          kennysheep_doodads, minmay_between, uniq_menkaure
D:5:      layout_basic, minmay_temple_entry_enclosed_plants,
          minmay_misc_feat_iff
D:6:      minmay_opposing_rooms, layout_rooms, grunt_temple_overflow_opulence
D:7:      layout_basic, lightli_temple_of_fire, hellmonk_sif_muna_bookshelves,
          kennysheep_mini, enter_bailey_2, uniq_maggie
D:8:      layout_gridville, grunt_qazlal_clouds, dk_noncrumbling_3,
          grunt_ministairs_9
D:9:      layout_rooms, kennysheep_vampire_church, due_lair_maze_entry_diamond
Temple:   nicolae_temple_bog_church
Lair:1:   layout_misc_corridors, nicolae_lair_lil_pond
Lair:2:   nzn_winding_woodlands_medium [nzn_winding_woodlands_5x5_three,
          nzn_winding_woodlands_5x15_zeroes, nzn_winding_woodlands_5x5_default,
          nzn_winding_woodlands_5x5_default,
          nzn_winding_woodlands_center_triple_pond,
          nzn_winding_woodlands_5x5_checkerboard,
          nzn_winding_woodlands_5x5_open_star,
          nzn_winding_woodlands_5x15_garden, nzn_winding_woodlands_5x5_default],
          layout_misc_corridors, mainiacjoe_swamp_entry_lozenge_pond,
          dummy_snake_entry, serial_rivers, chequers_serial_rivers_small_a,
          chequers_serial_rivers_marsh, chequers_serial_rivers_micro_a,
          chequers_serial_rivers_room_a, nicolae_quartered_pool_little,
          serial_bayou_lagoon_a, hellmonk_guarded_unrand_zhor
Lair:3:   layout_cave_pods
Lair:4:   layout_hall_layers, serial_forest, infiniplex_forest_lined_corner,
          infiniplex_forest_end_2, infiniplex_forest_clump_small,
          infiniplex_forest_3_way, infiniplex_forest_clump_small,
          infiniplex_forest_clump_medium, infiniplex_forest_end_2,
          infiniplex_forest_clump_medium, wad_woods_road_05,
          infiniplex_staircase_pool
Lair:5:   evilmike_catoblepas_cave, layout_misc_corridors,
          nicolae_slime_entry_field_trip
Swamp:1:  layout_falls_marsh, gammafunk_ghost_hydra_chop,
          evilmike_swamp_ruin_house_6, nicolae_swamp_reclaimed_castle,
          infiniplex_staircase_pool_2
Snake:1:  layout_onion, minmay_shoptagon

Skill      XL: |  1  2  3  4  5  6  7  8  9 10 11 12 13 14 |
---------------+-------------------------------------------+-----
Throwing       | 1 |  1.0
Armour         | 1 2 3 4 5 6 7 8 |  8.8
Polearms       | 2 3 5 6 8 9 10 | 10.5
Dodging        | 2 3 4 5 6 7 8 |  8.6
Fighting       | 3 4 5 6 7 8 10 11 12 13 | 13.1
Translocations | 3 4 5 6 7 8 |  8.9
Maces & Flails | 1 2 3 4 |  4.0
Spellcasting   | 3 4 5 6 7 8 |  8.7
Invocations    | 2 4 6 7 9 10 | 10.1

Action                     |  1- 3 |  4- 6 |  7- 9 | 10-12 | 13-15 || total
---------------------------+-------+-------+-------+-------+-------++-------
  Melee: Spear             |   111 |    12 |       |       |       ||   123
         Touch             |    14 |    18 |    57 |   103 |   172 ||   364
         Mace              |       |    97 |   224 |       |       ||   321
         Quarterstaff      |       |     4 |       |       |       ||     4
         Lance             |       |       |    82 |   721 |   939 ||  1742
   Cast: Blink             |       |     1 |     1 |     1 |     1 ||     4
         Manifold Assault  |       |       |     3 |    87 |   116 ||   206
         Teleport Other    |       |       |     2 |       |       ||     2
         Vhi's Electric Ch |       |       |       |       |     3 ||     3
 Invoke: Greater Servant o |       |       |       |       |     3 ||     3
  Evoke: Wand              |       |       |     2 |       |       ||     2
    Use: Scroll            |       |     3 |    14 |     4 |     8 ||    29
         Potion            |       |       |       |       |     3 ||     3
   Stab: Sleeping          |     1 |       |       |     2 |     1 ||     4
         Petrified         |       |       |       |       |    14 ||    14
 Armour: Leather armour    |    45 |    94 |   240 |   287 |       ||   666
         Animal skin       |       |       |       |    20 |   361 ||   381
  Dodge: Dodged            |    27 |    70 |   184 |   253 |   259 ||   793
  Block: Other             |       |     6 |    45 |   135 |   145 ||   331
         Reflection        |       |       |       |       |     2 ||     2

Table legend: (Time is in decaauts)
 A = Elapsed time spent in this place.
 B = Non-inter-level travel time spent in this place.
 C = Inter-level travel time spent in this place.
 D = Time resting spent in this place.
 E = Time spent auto-exploring this place.
 F = Levels seen in this place.
 G = Mean time per level.
                   A        B        C        D        E       F      G
               +--------+--------+--------+--------+--------+-----+--------+
         Total |  15853 |  15077 |    776 |   1524 |   9957 |  18 |  880.7 |
       Dungeon |   8294 |   7948 |    346 |    390 |   5732 |   9 |  921.6 |
        Temple |     27 |     27 |      0 |      0 |      0 |   1 |   27.0 |
          Lair |   6400 |   6030 |    370 |    763 |   4037 |   5 | 1280.0 |
         Swamp |     57 |     57 |      0 |      0 |      0 |   1 |   57.0 |
     Snake Pit |    526 |    468 |     58 |    202 |    116 |   1 |  526.0 |
        Bailey |    546 |    546 |      0 |    169 |     72 |   1 |  546.0 |
               +--------+--------+--------+--------+--------+-----+--------+

Top non-repeatable levels by time:
  Lair:2: 2116 daAuts
  Lair:5: 1401 daAuts
     D:5: 1261 daAuts
     D:6: 1243 daAuts
  Lair:4: 1126 daAuts
     D:1: 1035 daAuts
     D:7: 1027 daAuts
  Lair:3: 953 daAuts
     D:2: 832 daAuts
     D:8: 826 daAuts
  Lair:1: 802 daAuts
     D:3: 755 daAuts
     D:9: 714 daAuts
     D:4: 598 daAuts
  Bailey: 546 daAuts
